 Dungeon Crawl Stone Soup version 0.26.1 (webtiles) character file.

Game seed: 1798966392348769448

39 Gadfly the Cudgeller (level 3, -5/36 HPs)
             Began as an Ogre Gladiator on Feb 7, 2021.
             Slain by Sigmund
             ... wielding a +2 scythe of venom
              (10 damage)
             ... on level 2 of the Dungeon.
             The game lasted 00:01:36 (1875 turns).

Gadfly the Cudgeller (Ogre Gladiator)               Turns: 1875, Time: 00:01:37

Health: -5/36      AC:  4    Str: 19    XL:     3   Next: 45%
Magic:  4/4        EV: 10    Int:  9    God:
Gold:   84         SH:  0    Dex: 10    Spells: 2/2 levels left

rFire    . . .     SeeInvis .   a - +1 flail
rCold    . . .     Faith    .   (no shield)
rNeg     . . .     Spirit   .   b - +0 robe
rPois    .         Reflect  .   c - +1 hat
rElec    .         Harm     .   (no cloak)
rCorr    .         Rampage  .   (gloves unavailable)
Will     .....                  (boots unavailable)
Stlth    +.........             (no amulet)
HPRegen  0.12/turn              (no ring)
MPRegen  0.09/turn              (no ring)

@: lethally poisoned (-5 -> -37), invisible
A: large, unfitting armour, tough skin 1
a: no special abilities


You were on level 2 of the Dungeon.
You visited 1 branch of the dungeon, and saw 2 of its levels.

You collected 84 gold pieces.

Inventory:

Hand Weapons
 a - a +1 flail (weapon)
Missiles
 d - 3 throwing nets
 h - 89 stones (quivered)
Armour
 b - a +0 robe (worn)
 c - a +1 hat (worn)
Scrolls
 e - a scroll of blinking {unknown}
Potions
 g - a potion of curing {unknown}


   Skills:
 - Level 2.6 Fighting
 + Level 2.9 Maces & Flails
 + Level 2.2 Throwing
 * Level 1.0 Armour
 - Level 2.6 Dodging
 * Level 1.4 Invocations
 * Level 1.1 Evocations


You had 2 spell levels left.
You didn't know any spells.
Your spell library was empty.

Dungeon Overview and Level Annotations

Branches:
Dungeon (2/15)

Altars:

Annotations:
D:2 1 runed translucent door, Crazy Yiuf, Sigmund


Innate Abilities, Weirdness & Mutations

You are too large for most types of armour.
You have tough skin. (AC +1)


Message History

The rat barely misses you.
You closely miss the rat.
The rat is heavily wounded.
Something hits you!
You are poisoned.
The rat completely misses you.
You sock the rat!
You kill the rat!
You feel sick. Something hits you!
* * * LOW HITPOINT WARNING * * *
You are more poisoned.
You are too injured to fight recklessly!
You are too injured to fight recklessly!
You are too injured to fight recklessly!
There is a lethal amount of poison in your body!
It was a potion of invisibility.
You fade into invisibility!
* * * LOW HITPOINT WARNING * * *
You feel sick. Something hits you!
You die...

##..###.####..#####.#...#.
...........# #.......
...<#####.# #.#.....
#.####.#####.# ##.##.#.#
#............# #.....###
#.###..####### #.##...##
#..# #.#...##.
#..##########........
#.#.@.......#.#...#.)
#..########.#.##.##.# #.#
. ......# #. . ........ ..
######... ##. #### #.


There were no monsters in sight!

Vanquished Creatures
  A dart slug (D:1)
  2 leopard geckos (D:1)
  A giant cockroach (D:1)
  8 goblins
  4 hobgoblins
  2 ball pythons
  6 bats
  3 kobolds
  7 rats
34 creatures vanquished.

Vanquished Creatures (others)
  2 fungi (D:2)
2 creatures vanquished.

Grand Total: 36 creatures vanquished

Notes
Turn   | Place    | Note
-------+----------+-------------------------------------------
     0 | D:1      | Gadfly the Ogre Gladiator began the quest for the Orb.
     0 | D:1      | Reached XP level 1. HP: 22/22 MP: 1/1
   327 | D:1      | Reached XP level 2. HP: 17/29 MP: 2/2
  1002 | D:1      | Reached skill level 1 in Invocations
  1216 | D:1      | Reached XP level 3. HP: 30/36 MP: 3/3
  1496 | D:1      | Reached skill level 1 in Armour
  1594 | D:2      | Reached skill level 1 in Evocations
  1828 | D:2      | Found a runed translucent door.
  1829 | D:2      | Noticed Crazy Yiuf
  1868 | D:2      | Noticed Sigmund
  1875 | D:2      | Slain by Sigmund

Illustrated notes

Levels and vault maps discovered:
D:1:      wheals_arrival_shading, layout_basic, grunt_decor_arrowhead,
          serial_bayou_pond_e, supply_closet_lemuel
D:2:      layout_loops_ring, marbit_many_paths, lightli_temple_of_fire,
          hangedman_decor_clover_reticule, uniq_crazy_yiuf_cottage,
          uniq_terence, uniq_sigmund

Skill      XL: |  1  2  3 |
---------------+----------+-----
Invocations    | 1 |  1.4
Armour         | 1 |  1.0
Evocations     | 1 |  1.1
Fighting       | |  2.6
Maces & Flails | |  2.9
Throwing       | |  2.2
Dodging        | |  2.6

Action                   || total
-------------------------++-------
Melee: Flail             ||   112
  Use: Scroll            ||     4
       Potion            ||     2
Armor: Robe              ||    54
Dodge: Dodged            ||    71
